 Dungeon Sprint DCSS version 0.27.1-1-g398f81649c (webtiles) character file.

Game seed: 8053629560006295397

10985 ugugthedestroyer the Severer (level 11, -10/98 HPs)
             Began as a Demonspawn Gladiator on Sept 6, 2021.
             Was an Initiate of Gozag.
             Mangled by an alligator snapping turtle (31 damage)
             ... in the Dungeon (Sprint VII: "The Pits").
             The game lasted 00:15:13 (2209 turns).

ugugthedestroyer the Severer (Demonspawn Gladiator) Turns: 2209, Time: 00:15:14

Health: -10/98     AC: 18    Str: 20    XL:     11   Next: 43%
Magic:  0/11       EV: 19    Int: 23    God:    Gozag
Gold:   818        SH:  0    Dex: 19    Spells: 10/10 levels left

rFire    . . .     SeeInvis .   a - +2 war axe (freeze)
rCold    . . .     Faith    .   (no shield)
rNeg     + . .     Spirit   +   C - +1 ring mail of Qarchemni {Harm rCorr Int+3 Slay+4}
rPois    +         Reflect  .   b - +0 helmet of Afiwoyx {Contam *Slow rPois Int+3 Stlth+}
rElec    .         Harm     +   k - +0 cloak of Fashionability {rCorr Dex+4}
rCorr    +         Rampage  .   (no gloves)
Will     .....     NoTele   +   d - +0 pair of boots of the Monkey's Uncle {rN+ Int+3}
Stlth    ++........             (no amulet)
HPRegen  0.26/turn              g - +3 ring of strength
MPRegen  0.24/turn              w - ring "Gugakk" {AC+4 Int+4}

@: mighty, gold aura, on berserk cooldown, slowed, very slow
A: claws 1, slimy green scales 1, powered by pain 2, magic shield, magic
regeneration
a: Renounce Religion, Potion Petition, Call Merchant, Bribe Branch


You were in the Dungeon.
You worshipped Gozag.
Gozag was pleased with you.
You visited 1 branch You collected 5855 gold pieces.
You spent 1643 gold pieces at shops.
You paid 3394 gold pieces to Gozag.

Inventory:

Hand Weapons
 a - a +2 war axe of freezing (weapon)
 f - a +2 vorpal hand axe
Armour
 b - the +0 helmet of Afiwoyx (worn) {Contam *Slow rPois Int+3 Stlth+}
   (You bought it in a shop in the Dungeon)

   Int:       It affects your intelligence (+3).
   rPois:     It protects you from poison.
   Contam:    It causes magical contamination when unequipped.
   *Slow:     It may slow you when you take damage.
   Stlth:     It makes you more stealthy.
 c - a +0 helmet
 d - the +0 pair of boots of the Monkey's Uncle (worn) {rN+ Int+3}
   (You bought it in a shop in the Dungeon)

   Int:       It affects your intelligence (+3).
   rN:        It protects you from negative energy.
 k - the +0 cloak of Fashionability (worn) {rCorr Dex+4}
   (You bought it in a shop in the Dungeon)

   Dex:       It affects your dexterity (+4).
   rCorr:     It protects you from acid and corrosion.
 u - a +5 ring mail
 C - the +1 ring mail of Qarchemni (worn) {Harm rCorr Int+3 Slay+4}
   (You bought it in a shop in the Dungeon)

   Int:       It affects your intelligence (+3).
   Slay:      It affects your accuracy & damage with ranged weapons and melee
   (+4).
   rCorr:     It protects you from acid and corrosion.
   Harm:      It increases damage dealt and taken.
Jewellery
 g - a +3 ring of strength (left claw)
 p - a +3 ring of intelligence
 w - the ring "Gugakk" (right claw) {AC+4 Int+4}
   (You bought it in a shop in the Dungeon)

   [ring of protection]

   AC:        It affects your AC (+4).
   Int:       It affects your intelligence (+4).
 A - a ring of willpower
 B - a ring of see invisible
Wands
 v - a wand of flame (19)
Scrolls
 j - a scroll of blinking
 m - 5 scrolls of amnesia
 n - 2 scrolls of summoning
 x - 8 scrolls of enchant weapon
 y - 6 scrolls of enchant armour
 z - a scroll of identify
Potions
 e - 4 potions of curing
 h - 4 potions of magic
 i - 2 potions of berserk rage
 l - 2 potions of invisibility
 o - 15 potions of heal wounds
 q - a potion of haste
 r - 2 potions of brilliance
 s - a potion of might
 t - 2 potions of mutation


   Skills:
 + Level 13.2 Fighting
 + Level 16.9 Axes
 - Level 1.7 Throwing
 + Level 9.8 Armour
 + Level 12.3 Dodging
 - Level 0.5 Stealth


You had 10 spell levels left.
You didn't know any spells.
Your spell library contained the following spells:

 Spells                   Type           Power      Damage    Failure   Level
 Static Discharge         Conj/Air       0%         N/A       34%         2
 Lightning Bolt           Conj/Air       0%         1d11      100%        5
 Maxwell's Capacitive Co  Air            0%         ∞         100%        8


Dungeon Overview and Level Annotations

Branches:
Dungeon (1/1)

Altars:
Ashenzari
Cheibriados
Dithmenos
Elyvilon
Fedhas
Gozag
Hepliaklqana
Kikubaaqudgha
Makhleb
Nemelex Xobeh
Okawaru
Qazlal
Ru
Sif Muna
Trog
Uskayaw
Vehumet
Wu Jian
Xom
Yredelemnul
Zin
The Shining One
Beogh
Jiyva
Lugonu

Shops:
D ([=[


Innate Abilities, Weirdness & Mutations

You have sharp fingernails.
You are partially covered in slimy green scales. (AC +2)
You sometimes gain power by taking damage.
When hurt, damage is shared between your health and your magic reserves.
You regenerate magic rapidly.


Message History

The alligator snapping turtle is lightly wounded.
You closely miss the black mamba. You barely miss the centaur.
The centaur closely misses you.
The centaur kicks you but does no damage.
The alligator snapping turtle completely misses you.
Unknown command.
You hit the alligator snapping turtle but do no damage.
The alligator snapping turtle is lightly wounded.
You hit the centaur. You freeze the centaur.
You kill the centaur!
You hit the black mamba but do no damage.
The black mamba bites you but does no damage.
Unknown command.
You slice the alligator snapping turtle!!
You freeze the alligator snapping turtle.
The alligator snapping turtle is moderately wounded.
You slash the black mamba!
The black mamba seems to slow down.
You freeze the black mamba.
You kill the black mamba!
Unknown command.
You slash the alligator snapping turtle!
You freeze the alligator snapping turtle.
The alligator snapping turtle is heavily wounded.
The alligator snapping turtle bites you!!
* * * LOW HITPOINT WARNING * * *
You hit the alligator snapping turtle but do no damage.
The alligator snapping turtle is heavily wounded.
You slash the alligator snapping turtle!
You freeze the alligator snapping turtle!
The alligator snapping turtle is severely wounded.
The alligator snapping turtle bites you!!
* * * LOW HITPOINT WARNING * * *
You feel a strong urge to attack something.
You are no longer berserk.
You are exhausted.
You feel yourself slow down.
You feel much better.
The alligator snapping turtle bites you from afar!!
You die...
Your body crumbles into a pile of gold.

#..# #..# ########## #..#
.....##..# #..# .....##..# #$.#
.....''..# #..#
.....''..##########$.#
.....##...).......t..#
.....##...).....@....#
######################
############# #################
....#...+....###...##....##.....#
..###...###...#...##......##....#
.##.[...'.##.....####....####...#
##.[##'##..##...##..##..##..##..#
#..##...##..+[[.#............#..#
#..#.....#..#.∩.#.)..#..#....##'#


You could see an alligator snapping turtle.

Vanquished Creatures
  A two-headed ogre (D)
  A sea snake (D)
  A bog body (D)
  A deep elf zephyrmancer (D)
  A lindwurm (D)
  2 wizards (D)
  An elephant (D)
  Maurice (D)
  2 black mambas (D)
  A smoke demon (D)
  2 gargoyles (D)
  A cane toad (D)
  An unseen horror (D)
  A komodo dragon (D)
  A hellwing (D)
  A troll (D)
  A polar bear (D)
  2 hornets (D)
  5 blink frogs (D)
  A snapping turtle (D)
  2 redbacks (D)
  A spriggan (D)
  Eustachio (D)
  A fire bat (D)
  2 wargs (D)
  An acid dragon (D)
  2 floating eyes (D)
  2 orc warriors (D)
  A black bear (D)
  A swamp drake (D)
  A wolf (D)
  A necrophage (D)
  A centaur (D)
  A scorpion (D)
  9 wights (D)
  A hound (D)
  A gnoll shaman (D)
  A jelly (D)
  An orc wizard (D)
  5 gnolls (D)
  An adder (D)
  2 river rats (D)
  2 adder zombies (D)
  4 orcs (D)
  2 endoplasms (D)
  A goblin (D)
  A hobgoblin (D)
  4 jackals (D)
  A quokka (D)
  A ball python zombie (D)
  A giant cockroach simulacrum (D)
  A jackal zombie (D)
  2 kobolds (D)
87 creatures vanquished.

Notes
Turn   | Place    | Note
-------+----------+-------------------------------------------
     0 | D        | ugugthedestroyer the Demonspawn Gladiator began the quest
                  | for the Orb.
     0 | D        | Reached XP level 1. HP: 16/16 MP: 1/1
    14 | D        | Reached skill level 3 in Axes
    40 | D        | Found a bloodstained altar of Trog.
    40 | D        | Found a shimmering blue altar of Sif Muna.
    40 | D        | Found a viscous altar of Jiyva.
    40 | D        | Found a hazy altar of Hepliaklqana.
    40 | D        | Found an opulent altar of Gozag.
    41 | D        | Found a basalt altar of Yredelemnul.
    41 | D        | Found a shimmering altar of Xom.
    41 | D        | Found an ornate altar of the Wu Jian Council.
    41 | D        | Found a sacrificial altar of Ru.
    41 | D        | Found a stormy altar of Qazlal.
    41 | D        | Found an iron altar of Okawaru.
    41 | D        | Found a sparkling altar of Nemelex Xobeh.
    41 | D        | Found a burning altar of Makhleb.
    41 | D        | Found a blossoming altar of Fedhas.
    41 | D        | Found a shadowy altar of Dithmenos.
    41 | D        | Found a snail-covered altar of Cheibriados.
    43 | D        | Found a radiant altar of Vehumet.
    43 | D        | Found a corrupted altar of Lugonu.
    44 | D        | Found a hide-covered altar of Uskayaw.
    44 | D        | Found an ancient bone altar of Kikubaaqudgha.
    44 | D        | Found a broken altar of Ashenzari.
    50 | D        | Became a worshipper of Gozag Ym Sagoz the Greedy
    64 | D        | Noticed a floating eye
    64 | D        | Noticed a floating eye
    67 | D        | Paralysed by a floating eye for 4 turns
    72 | D        | Killed a floating eye
    73 | D        | Reached skill level 6 in Axes
    73 | D        | Reached skill level 5 in Dodging
    73 | D        | Gained mutation: You sometimes gain a little power by
                  | taking damage. [demonic ancestry]
    73 | D        | Reached XP level 2. HP: 25/25 MP: 2/2
    73 | D        | Reached XP level 3. HP: 30/30 MP: 3/3
    73 | D        | Gained mutation: You regenerate magic rapidly. [demonic
                  | ancestry]
    73 | D        | Reached XP level 4. HP: 37/37 MP: 4/4
    74 | D        | Paralysed by a floating eye for 3 turns
    78 | D        | Killed a floating eye
    79 | D        | Reached skill level 7 in Axes
    79 | D        | Gained mutation: You are partially covered in slimy green
                  | scales. (AC +2) [demonic ancestry]
    79 | D        | Reached XP level 5. HP: 43/43 MP: 5/5
    94 | D        | Reached skill level 5 in Fighting
    94 | D        | Reached skill level 8 in Axes
    94 | D        | Reached XP level 6. HP: 44/51 MP: 6/6
   108 | D        | Reached skill level 1 in Armour
   228 | D        | Noticed an orc warrior
   239 | D        | Reached skill level 9 in Axes
   262 | D        | Killed an orc warrior
   263 | D        | Gained mutation: When hurt, damage is shared between your
                  | health and your magic reserves. [demonic ancestry]
   263 | D        | Reached XP level 7. HP: 19/59 MP: 7/7
   467 | D        | Reached skill level 10 in Axes
   629 | D        | Noticed a gargoyle
   629 | D        | Noticed a redback
   654 | D        | Killed a redback
   664 | D        | Killed a gargoyle
   665 | D        | Reached skill level 11 in Axes
   665 | D        | Reached skill level 5 in Armour
   665 | D        | Gained mutation: You sometimes gain power by taking damage.
                  | [demonic ancestry]
   665 | D        | Reached XP level 8. HP: 41/68 MP: 6/8
   783 | D        | Noticed a two-headed ogre
   790 | D        | Killed a two-headed ogre
   791 | D        | Reached skill level 12 in Axes
   802 | D        | Noticed a deep elf zephyrmancer
   822 | D        | Killed a deep elf zephyrmancer
   823 | D        | Reached skill level 10 in Dodging
   823 | D        | Reached XP level 9. HP: 30/76 MP: 5/9
   833 | D        | Bought a shimmering helmet for 218 gold pieces
   833 | D        | Identified the +0 helmet of Afiwoyx {Contam *Slow rPois
                  | Int+3 Stlth+} (You bought it in a shop in the Dungeon)
   833 | D        | Bought a pair of dazzling boots for 218 gold pieces
   833 | D        | Identified the +0 pair of boots of the Monkey's Uncle {rN+
                  | Int+3} (You bought it in a shop in the Dungeon)
   833 | D        | Bought a distressingly furry cloak for 218 gold pieces
   833 | D        | Identified the +0 cloak of Fashionability {rCorr Dex+4}
                  | (You bought it in a shop in the Dungeon)
  1017 | D        | Noticed a cane toad
  1021 | D        | Killed a cane toad
  1022 | D        | Reached skill level 13 in Axes
  1222 | D        | Noticed a smoke demon
  1250 | D        | Killed a smoke demon
  1251 | D        | Reached skill level 10 in Fighting
  1377 | D        | Noticed a bog body
  1384 | D        | Killed a bog body
  1389 | D        | Noticed Maurice
  1411 | D        | Killed Maurice
  1412 | D        | Reached skill level 14 in Axes
  1412 | D        | Reached XP level 10. HP: 81/86 MP: 10/10
  1430 | D        | Noticed a sea snake
  1431 | D        | Noticed a black mamba
  1441 | D        | Killed a black mamba
  1445 | D        | Killed a sea snake
  1597 | D        | Noticed a wizard
  1605 | D        | Noticed a lindwurm
  1608 | D        | Reached skill level 15 in Axes
  1611 | D        | Killed a wizard
  1613 | D        | Killed a lindwurm
  1886 | D        | Bought the ring "Gugakk" {AC+4 Int+4} for 719 gold pieces
  1928 | D        | Noticed an elephant
  1931 | D        | Gained mutation: You have sharp fingernails. [demonic
                  | ancestry]
  1931 | D        | Reached XP level 11. HP: 85/95 MP: 11/11
  1933 | D        | Reached skill level 16 in Axes
  1987 | D        | Noticed a wizard
  1998 | D        | Killed a wizard
  2057 | D        | Found the +6 Majin-Bo {vamp, MP+6 Int+6}
  2092 | D        | Bought an ancient ring mail for 270 gold pieces
  2092 | D        | Identified the +1 ring mail of Qarchemni {Harm rCorr Int+3
                  | Slay+4} (You bought it in a shop in the Dungeon)
  2154 | D        | Noticed Eustachio
  2173 | D        | Killed Eustachio
  2185 | D        | Noticed an alligator snapping turtle
  2203 | D        | HP: 1/147 [alligator snapping turtle (22)]
  2209 | D        | Mangled by an alligator snapping turtle

Illustrated notes

Levels and vault maps discovered:
D:        pitsprint [storerooms_1, entrance_room_1, metal_vault_6, armoury_2,
          mini_pit_1, grid_room_1, main_hall_1, silver_pit, the_coven_1,
          the_vestibule_1, steel_vault_1, golden_pit, hallway_of_sentries,
          crystal_vault_6, iron_vault_4, final_vault]

Skill      XL: |  1  2  3  4  5  6  7  8  9 10 11 |
---------------+----------------------------------+-----
Axes           | 6 7 8 9 11 12 14 15 16 | 16.9
Dodging        | 5 7 8 9 10 11 12 | 12.3
Fighting       | 4 5 6 7 9 10 12 13 | 13.2
Armour         | 2 5 7 8 9 |  9.8
Throwing       | |  1.7
Stealth        | |  0.5

Action                   |  1- 3 |  4- 6 |  7- 9 | 10-12 || total
-------------------------+-------+-------+-------+-------++-------
Melee: Hand axe          |     4 |    66 |    56 |       ||   126
       War axe           |     1 |       |    72 |   103 ||   176
Invok: Call Merchant     |       |       |     2 |     2 ||     4
  Use: Potion            |       |     2 |     8 |     4 ||    14
 Stab: Sleeping          |       |     1 |     1 |       ||     2
       Distracted        |       |       |     1 |     2 ||     3
Armor: Leather armour    |       |     7 |       |       ||     7
       Ring mail         |       |     7 |    23 |    68 ||    98
Dodge: Dodged            |     1 |    53 |    87 |   125 ||   266
